 Dungeon Crawl Stone Soup version 0.22.2-1-ge965b3aba3 (webtiles) character file.

18 theanonym the Vexing (level 2, 0/21 HPs)
             Began as a Mummy Enchanter on Aug 31, 2021.
             Slain by a jackal (2 damage)
             ... on level 1 of the Dungeon.
             The game lasted 00:00:59 (1167 turns).

theanonym the Vexing (Mummy Enchanter)              Turns: 1167, Time: 00:00:59

Health: 0/21       AC:  3    Str: 11    XL:     2   Next: 48%
Magic:  5/5        EV: 11    Int: 14    God:
Gold:   27         SH:  0    Dex: 12    Spells: 5/6 levels left

rFire    x . .     SeeInvis .   a - +1 dagger
rCold    + . .     Gourm    .   (no shield)
rNeg     + + +     Faith    .   d - +0 leather armour
rPois    ∞         Spirit   .   (no helmet)
rElec    .         Reflect  .   (no cloak)
rCorr    .         Harm     .   (no gloves)
MR       .....                  (no boots)
Stlth    ++........             c - amulet of inaccuracy (curse)
HPRegen  0.07/turn              (no ring)
MPRegen  0.09/turn              (no ring)

@: no status effects
A: no food or potions, fire vulnerability, cold resistance 1, negative energy
resistance 3, torment resistance, unbreathing
a: no special abilities


Innate Abilities, Weirdness & Mutations

You do not eat or drink.
Your flesh is vulnerable to fire.
You are immune to poison.
Your flesh is cold resistant. (rC+)
You are immune to negative energy. (rN+++)
You are immune to unholy pain and torment.
You can survive without breathing.


   Skills:
 + Level 1.1 Fighting
 * Level 1.7 Short Blades
 - Level 1.5 Dodging
 - Level 2.4 Stealth
 - Level 2.6 Spellcasting
 - Level 2.6 Hexes


You had 5 spell levels left.
You knew the following spells:

 Your Spells              Type           Power        Failure   Level  Hunger
a - Corona                Hex            #......      10%         1    N/A

Your spell library contained the following spells:

 Spells                   Type           Power        Failure   Level  Hunger
 Ensorcelled Hibernation  Hex/Ice        #.....       26%         2    N/A
 Confuse                  Hex            #.......     28%         3    N/A
 Tukima's Dance           Hex            #.......     28%         3    N/A
 Dazzling Spray           Conj/Hex       #.....       45%         3    N/A

Skill      XL: |  1  2 |
---------------+-------+-----
Short Blades   | 1 |  1.7
Fighting       | 1 |  1.1
Dodging        | |  1.5
Stealth        | |  2.4
Spellcasting   | |  2.6
Hexes          | |  2.6

Action                   || total
-------------------------++-------
Melee: Dagger            ||    89
 Stab: Sleeping          ||     6
Armor: Robe              ||     5
       Leather armour    ||    20
Dodge: Dodged            ||    60

Inventory:

Hand Weapons
 a - a +1 dagger (weapon)
Armour
 b - a +0 robe
 d - a +0 leather armour (worn)
   (You found it on level 1 of the Dungeon)
Jewellery
 c - a cursed amulet of inaccuracy (around neck)
   (You found it on level 1 of the Dungeon)
Scrolls
 e - a scroll of identify {unknown}


You were on level 1 of the Dungeon.
You were not hungry.

You visited 1 branch of the dungeon, and saw 1 of its levels.

You collected 27 gold pieces.

Dungeon Overview and Level Annotations

Branches:
Dungeon (1/15)

Altars:

#...##..#.# #....#.#
#########...##..#.# #....'..
............###.#'####....#.#
.)...........##>.....#....#..
.............##......#....##.
......)..l.†l##......#.......
.........###h##......#######.
.........# #h##......# ##
######+### #@##......# #
#......#### ## ######## ##.
#.. #.# #.. ###


You could see 2 jackals and a frilled lizard.

Notes
Turn   | Place    | Note
-------+----------+-------------------------------------------
     0 | D:1      | theanonym the Mummy Enchanter began the quest for the Orb.
     0 | D:1      | Reached XP level 1. HP: 13/13 MP: 4/4
    88 | D:1      | HP: 6/13 [kobold/dagger (1)]
    92 | D:1      | Reached skill level 1 in Short Blades
   410 | D:1      | HP: 6/14 [kobold/short sword (3)]
   415 | D:1      | HP: 3/14 [frilled lizard (1)]
   732 | D:1      | Reached XP level 2. HP: 20/20 MP: 5/5
  1120 | D:1      | Reached skill level 1 in Fighting
  1158 | D:1      | HP: 10/21 [bat (1)]
  1163 | D:1      | HP: 5/21 [jackal (1)]
  1166 | D:1      | HP: 2/21 [jackal (3)]
  1167 | D:1      | Slain by a jackal

Vanquished Creatures
  A dart slug (D:1)
  2 giant cockroaches (D:1)
  A goblin (D:1)
  A ball python (D:1)
  3 bats (D:1)
  4 frilled lizards (D:1)
  4 kobolds (D:1)
  A rat (D:1)
17 creatures vanquished.

Table legend:
 A = Turns spent in this place as a percentage of turns spent in the entire game.
 B = Non-inter-level travel turns spent in this place as a percentage of non-inter-level travel turns spent in the entire game.
 C = Inter-level travel turns spent in this place as a percentage of turns spent in this place.
 D = Turns resting spent in this place as a percentage of non-inter-level travel turns spent in this place.
 E = Turns spent auto-exploring this place as a percentage of non-inter-level travel turns spent in this place.
 F = Non-inter-level travel turns spent in this place divided by the number of levels of this place that you've seen.
                   A       B       C       D       E      F
               +-------+-------+-------+-------+-------+----------------------
         Total | 100.0 | 100.0 |   0.8 |  47.9 |  37.1 | 1158.0
       Dungeon | 100.0 | 100.0 |   0.8 |  47.9 |  37.1 | 1158.0
               +-------+-------+-------+-------+-------+----------------------
